 Dungeon Crawl Stone Soup version 0.30-a0-4-ga7cffc901d (webtiles) character file.

Game seed: 11112113278643048514

109807 flotson the Fighter (level 16, -2/129 HPs)
             Began as a Demonspawn Delver on Aug 17, 2022.
             Was an Initiate of Gozag.
             Blown up by an orb spider (70 damage)
             ... with an orb of destruction
             ... on level 1 of the Spider Nest on Aug 21, 2022.
             The game lasted 00:45:48 (31565 turns).

flotson the Fighter (Demonspawn Delver)            Turns: 31565, Time: 00:45:49

Health: -2/129     AC: 35    Str: 25    XL:     16   Next: 5%
Magic:  16/16      EV: 20    Int: 20    God:    Gozag
Gold:   1703       SH: 14    Dex: 16    Spells: 15/15 levels left

rFire   . . .      SeeInvis +    a - +1 broad axe (elec)
rCold   + + .      Faith    .    N - +0 kite shield
rNeg    . . .      Spirit   .    F - +10 storm dragon scales "Axzotov" {-Tele Harm rElec rC++}
rPois   +          Reflect  +    q - +0 hat "Has Vuom" {+Inv Int+8 Stlth+}
rElec   +          Harm     +    u - +2 cloak of the Thief {*Fog Slay-2 SInv Stlth+}
rCorr   .          Rampage  .    S - +3 pair of gauntlets of War {Slay+5}
Will    +....      NoTele   +    (boots unavailable)
Stlth   ++........               D - amulet of Yha Pamn {Reflect rPois SH+5}
HPRegen 0.31/turn                H - ring of the Hare {EV+8}
MPRegen 0.15/turn                z - +6 ring of strength

@: gold aura
A: hooves 3, icy blue scales 1, powered by pain 2, spiny 3, augmentation 1,
deterioration 1
a: Renounce Religion, Evoke Invisibility, Potion Petition, Call Merchant, Bribe
Branch


You were on level 1 of the Spider Nest.
You worshipped Gozag.
Gozag was most pleased with you.
You visited 5 branches of the dungeon, and saw 24 of its levels.
You also visited: Gauntlet and Volcano.

You collected 8092 gold pieces.
You spent 4527 gold pieces at shops.
You paid 1862 gold pieces to Gozag.

Inventory:

Hand Weapons
 a - a +1 broad axe of electrocution (weapon)
 b - a +0 broad axe of draining
Missiles
 K - 11 javelins
 M - 4 throwing nets
 O - 12 boomerangs
 R - 17 curare-tipped darts (quivered)
 Z - 8 silver javelins
Armour
 q - the +0 hat "Has Vuom" (worn) {+Inv Int+8 Stlth+}
   (You bought it in a shop on level 2 of the Orcish Mines)

   Int:       It affects your intelligence (+8).
   +Inv:      It lets you turn invisible.
   Stlth:     It makes you more stealthy.
 u - the +2 cloak of the Thief (worn) {*Fog Slay-2 SInv Stlth+}
   (You found it in a Gauntlet)

   It may release a thick cloud of smoke when the wearer is hurt.
   Slay:      It affects your accuracy & damage with ranged weapons and melee
   (-2).
   SInv:      It lets you see invisible.
   Stlth:     It makes you more stealthy.
 F - the +10 storm dragon scales "Axzotov" (worn) {-Tele Harm rElec rC++}
   (You took it off a minotaur in a Gauntlet)

   rC:        It greatly protects you from cold.
   rElec:     It insulates you from electricity.
   -Tele:     It prevents most forms of teleportation.
   Harm:      It increases damage dealt and taken.
 N - a +0 kite shield (worn)
 S - the +3 pair of gauntlets of War (worn) {Slay+5}
   (You found it on level 5 of the Lair of Beasts)

   Slay:      It affects your accuracy & damage with ranged weapons and melee
   (+5).
Jewellery
 p - an amulet of the acrobat
 z - a +6 ring of strength (right hand)
 D - the amulet of Yha Pamn (around neck) {Reflect rPois SH+5}
   (You bought it in a shop on level 1 of the Orcish Mines)

   [amulet of reflection]

   It reflects blocked missile attacks.
   rPois:     It protects you from poison.
   SH:        It affects your SH (+5).
 H - the ring of the Hare (left hand) {EV+8}
   (You bought it in a shop on level 2 of the Orcish Mines)

   [ring of evasion]

   EV:        It affects your evasion (+8).
Wands
 g - a wand of digging (11)
 x - a wand of charming (10)
 y - a wand of polymorph (2)
 E - a wand of light (4)
 I - a wand of roots (23)
 J - a wand of flame (37)
Scrolls
 c - a scroll of fog
 d - 6 scrolls of magic mapping
 e - 5 scrolls of fear
 l - 3 scrolls of enchant armour
 m - 8 scrolls of poison
 n - 3 scrolls of blinking
 o - 6 scrolls of teleportation
 s - 3 scrolls of silence
 A - a scroll of summoning {unknown}
 B - 2 scrolls of vulnerability
 Q - 2 scrolls of amnesia {unknown}
 U - 2 scrolls of butterflies {unknown}
 W - 2 scrolls of immolation {unknown}
 Y - 3 scrolls of enchant weapon {unknown}
Potions
 f - 3 potions of haste
 h - 5 potions of flight
 i - 4 potions of attraction
 k - 7 potions of ambrosia
 r - 9 potions of curing
 t - 5 potions of heal wounds
 v - a potion of resistance {unknown}
 w - 6 potions of might
 C - 2 potions of invisibility
 G - a potion of cancellation {unknown}
 L - 5 potions of mutation
 T - 2 potions of lignification
 V - 3 potions of berserk rage
Miscellaneous
 P - a phantom mirror
 X - a phial of floods


   Skills:
 + Level 12.7 Fighting
 + Level 11.2 Axes
 + Level 10.9 Throwing
 + Level 11.3 Armour
 + Level 11.2 Dodging
 - Level 4.5 Stealth
 + Level 3.5 Shields
 + Level 12.1 Evocations


You had 15 spell levels left.
You didn't know any spells.
Your spell library contained the following spells:

 Spells                   Type           Power      Damage    Failure   Level
 Beastly Appendage        Tmut           0%         N/A       95%         1
 Freeze                   Ice            0%         1d3       95%         1
 Magic Dart               Conj           0%         1d3       95%         1
 Shock                    Conj/Air       0%         1d3       95%         1
 Slow                     Hex            0%         N/A       95%         1
 Summon Small Mammal      Summ           0%         N/A       95%         1
 Blink                    Tloc           0%         N/A       99%         2
 Call Imp                 Summ           0%         N/A       99%         2
 Sublimation of Blood     Necr           0%         N/A       99%         2
 Wereblood                Tmut           0%         N/A       99%         2
 Call Canine Familiar     Summ           0%         N/A       100%        3
 Confusing Touch          Hex            0%         N/A       100%        3
 Frozen Ramparts          Ice            0%         1d1       100%        3
 Ignite Poison            Fire/Tmut/Pois 0%         N/A       100%        3
 Lesser Beckoning         Tloc           0%         N/A       100%        3
 Mephitic Cloud           Conj/Pois/Air  0%         N/A       100%        3
 Portal Projectile        Hex/Tloc       0%         N/A       100%        3
 Spider Form              Tmut/Pois      0%         N/A       100%        3
 Summon Guardian Golem    Hex/Summ       0%         N/A       100%        3
 Vampiric Draining        Necr           0%         2d6       100%        3
 Fulminant Prism          Conj/Hex       0%         3d6       100%        4
 Hailstorm                Conj/Ice       0%         3d3       100%        4
 Leda's Liquefaction      Hex/Erth       0%         N/A       100%        4
 Petrify                  Tmut/Erth      0%         N/A       100%        4
 Freezing Cloud           Conj/Ice/Air   0%         6-21      100%        5
 Irradiate                Conj/Tmut      0%         3d11      100%        5
 Lightning Bolt           Conj/Air       0%         1d11      100%        5
 Manifold Assault         Tloc           0%         N/A       100%        5
 Yara's Violent Unravell  Hex/Tmut       0%         3d3       100%        5
 Conjure Ball Lightning   Conj/Air       0%         3x3d6     100%        6
 Enfeeble                 Hex            0%         N/A       100%        7


Dungeon Overview and Level Annotations

Branches:
Dungeon (15/15)            Temple (1/1) D:4            Lair (5/5) D:8
 Shoals (0/4) Lair:2       Spider (1/4) Lair:3        Slime (0/5) Lair:5
    Orc (2/2) D:9             Elf (0/3) Orc:2        Vaults (0/5) D:14
 Depths (0/4) D:15        Volcano (visited)         Gauntlet (visited)

Altars:
Ashenzari
Cheibriados
Dithmenos
Fedhas
Gozag
Hepliaklqana
Kikubaaqudgha
Makhleb
Nemelex Xobeh
Okawaru
Qazlal
Ru
Sif Muna
Trog
Uskayaw
Vehumet
Wu Jian
Xom
Yredelemnul
Jiyva

Shops:
D:5 ?   Orc:1 =   Orc:2 =[[:*[

Portals:
Trove: D:14 (give +4 shadow dragon scales)

Annotations:
Spider:1 3 runed translucent doors, Riopsa's ghost, adept GrEE


Innate Abilities, Weirdness & Mutations

You have hooves in place of feet.
You are partially covered in icy blue scales. (AC +2)
You sometimes gain power by taking damage.
You are completely covered in sharp spines.
Your magical and physical power is slightly enhanced at high health.
Your body sometimes deteriorates upon taking damage.


Message History

You kill the tarantella!
You slash the demonic crawler!
The demonic crawler shrieks in warning!
The orb spider is distracted by your dazzling golden aura.
You hear a faint skittering sound.
You hear a chilling moan.
Unknown command.
You hit the demonic crawler but do no damage.
The demonic crawler is heavily wounded.
The orb spider is no longer distracted by gold.
The demonic crawler is struck by your spines.
The demonic crawler barely misses you.
The demonic crawler completely misses you.
You block the demonic crawler's attack.
The demonic crawler is distracted by your dazzling golden aura.
The orb spider pulsates with a strange energy.
You barely miss the demonic crawler.
The demonic crawler is no longer distracted by gold.
The demonic crawler gives a hideous shriek!
The demonic crawler is severely wounded.
The demonic crawler is distracted by your dazzling golden aura.
Unknown command.
The demonic crawler gives a hideous shriek!
You slash the demonic crawler!
The demonic crawler is no longer distracted by gold.
Your kick misses the demonic crawler.
The demonic crawler is almost dead.
The orb spider weaves a glowing orb of energy.
You block the demonic crawler's attack. x2
The demonic crawler closely misses you.
An orb of destruction comes into view.
You completely miss the demonic crawler.
Your kick misses the demonic crawler.
The demonic crawler is almost dead.
You block the demonic crawler's attack. x2
The demonic crawler barely misses you.
The orb spider is distracted by your dazzling golden aura.
The demonic crawler shrieks in warning!
The orb of destruction hits you!!!
Ouch! That really hurt!
You die...

##.###.#####.#
...###......# .. ..
##..##......# .. ...
##.#..####.## #.#.... #
##..## ##.## ..#....
####.########.# .......
..#........##.## ..s....
...<.....[.....##○☼)....
...#...........$@$......
...#......^....?s#......
..##.............# ....#
..##.............# .##.
..# .............. # .##
##..........#.. ## #
#.........#.## .#.#
.#.........# ..?#


You could see a demonic crawler (catching breath) and an orb spider (unaware).

Vanquished Creatures
  Gastronok (Lair:2)
  A ghost moth (Spider:1)
  A very ugly thing (D:15)
  A broodmother (Spider:1)
  A dire elephant (Lair:5)
  A minotaur (Gauntlet)
  Josephine (D:13)
  2 fire dragons
  A great orb of eyes (D:15)
  A rakshasa (D:15)
  Harold (Lair:2)
  A catoblepas (Lair:5)
  An ogre mage (D:15)
  5 boulder beetles
  6 hydras
  5 centaur warriors
  6 two-headed ogres
  A death scarab (Gauntlet)
  An alligator (Lair:5)
  6 death yaks
  3 tengu warriors
  A soul eater (D:10)
  4 orc high priests (Orc:2)
  6 skeletal warriors
  2 fire crabs
  A pharaoh ant (Spider:1)
  A wizard (Volcano)
  A steelbarb worm (Spider:1)
  A lindwurm (Lair:5)
  Pikel (D:7)
  A deep elf archer (D:14)
  3 orc knights
  A deep elf zephyrmancer (D:14)
  2 deep elf pyromancers
  A shining eye (shapeshifter) (D:15)
  2 wolf spiders (Spider:1)
  A spectral boulder beetle (Gauntlet)
  An orc sorcerer (Orc:2)
  3 manticores
  2 salamanders (Volcano)
  12 ugly things
  20 elephants
  5 cyclopes
  7 black mambas
  5 molten gargoyles
  A torpor snail (Spider:1)
  Maggie (D:7)
  2 gargoyles
  9 cane toads
  2 unseen horrors
  3 centaur skeletons (D:14)
  An orange demon (D:10)
  2 demonic crawlers (Spider:1)
  16 komodo dragons
  2 kobold demonologists
  2 rime drakes
  3 yaktaurs (D:14)
  2 tengu conjurers
  A polar bear (Lair:5)
  A red devil (D:10)
  A meliai (shapeshifter) (D:15)
  4 trolls
  5 slime creatures
  A hornet (shapeshifter) (D:14)
  Grinder (D:5)
  A hornet (D:9)
  7 tarantellas (Spider:1)
  4 blink frogs (Lair:4)
  2 dream sheep (D:9)
  3 culicivoras (Spider:1)
  Sigmund (D:4)
  3 jumping spiders (Spider:1)
  10 wyverns
  A vampire (D:11)
  A shadow (D:11)
  11 wraiths
  51 yaks
  2 large abominations (Gauntlet)
  A basilisk (D:8)
  3 fire bats (Gauntlet)
  14 redbacks
  8 steam dragons
  11 vampire mosquitoes
  3 wargs
  Edmund (D:6)
  3 hell hounds (Lair:5)
  2 acid dragons
  8 water moccasins
  2 floating eyes (D:11)
  23 orc warriors
  2 sky beasts
  2 black bears
  4 ogres
  A tengu (shapeshifter) (D:15)
  5 centaurs
  16 wolves
  Blork the orc (D:4)
  2 lemures (D:7)
  A phantom (D:5)
  29 kobold brigands
  9 bullfrogs
  2 necrophages
  6 small abominations (Gauntlet)
  2 scorpions
  3 wights (D:9)
  3 electric eels
  3 howler monkeys
  5 lava snakes (Lair:5)
  2 quasits (D:10)
  2 hounds
  27 orc priests
  8 iguanas
  20 orc wizards
  9 hell rats
  A boggart skeleton (D:14)
  6 adders
  2 shadow imps (D:5)
  3 white imps
  3 dart slugs
  57 orcs
  4 ball pythons
  6 bats
  7 endoplasms
  3 giant cockroaches
  4 hobgoblins
  11 jackals
  5 quokkas
  4 frilled lizards
  9 goblins
  45 kobolds
  8 rats
  A toadstool (D:2)
710 creatures vanquished.

Vanquished Creatures (others)
  2 kobolds (D:8)
  A demonic plant (D:10)
  23 fungi
  30 plants
  5 toadstools (D:2)
61 creatures vanquished.

Grand Total: 771 creatures vanquished

Notes
Turn   | Place    | Note
-------+----------+-------------------------------------------
     0 | D:5      | flotson the Demonspawn Delver began the quest for the Orb.
     0 | D:5      | Reached XP level 1. HP: 18/18 MP: 1/1
    31 | D:5      | Gained mutation: You sometimes gain a little power by
                  | taking damage. [demonic ancestry]
    31 | D:5      | Reached XP level 2. HP: 7/24 MP: 2/2
   528 | D:2      | Reached skill level 1 in Evocations
   577 | D:1      | Reached skill level 1 in Armour
   633 | D:1      | Reached XP level 3. HP: 29/29 MP: 3/3
  1852 | D:2      | Gained mutation: You sometimes gain power by taking damage.
                  | [demonic ancestry]
  1852 | D:2      | Reached XP level 4. HP: 35/35 MP: 4/4
  2093 | D:2      | Found a shimmering blue altar of Sif Muna.
  3464 | D:4      | Found a staircase to the Ecumenical Temple.
  3473 | Temple   | Entered the Ecumenical Temple
  3669 | D:4      | Found an opulent altar of Gozag.
  3745 | D:4      | Became a worshipper of Gozag Ym Sagoz the Greedy
  3765 | D:4      | Gained mutation: You are partially covered in sharp spines.
                  | [demonic ancestry]
  3765 | D:4      | Reached XP level 5. HP: 42/42 MP: 5/5
  3893 | D:4      | Noticed Sigmund
  3911 | D:4      | HP: 2/42 [something/magic dart (10)]
  4399 | D:4      | Killed Sigmund
  4400 | D:4      | Reached skill level 1 in Throwing
  4400 | D:4      | Reached XP level 6. HP: 44/48 MP: 6/6
  4629 | D:4      | Noticed Blork the orc
  4640 | D:4      | Killed Blork the orc
  4802 | D:5      | Gained mutation: You have large cloven feet. [demonic
                  | ancestry]
  4802 | D:5      | Reached XP level 7. HP: 55/55 MP: 7/7
  4852 | D:5      | Noticed Grinder
  4858 | D:5      | Killed Grinder
  4957 | D:5      | Found Voveg's Magic Scroll Shoppe.
  5456 | D:5      | Found a burning altar of Makhleb.
  5464 | D:5      | Found a sparkling altar of Nemelex Xobeh.
  5793 | D:6      | Noticed Edmund
  5800 | D:6      | Killed Edmund
  5801 | D:6      | Reached skill level 5 in Fighting
  5801 | D:6      | Gained mutation: You are mostly covered in sharp spines.
                  | [demonic ancestry]
  5801 | D:6      | Reached XP level 8. HP: 49/62 MP: 8/8
  7047 | D:7      | Noticed Pikel
  7052 | D:7      | Killed Pikel
  7053 | D:7      | Gained mutation: You are completely covered in sharp
                  | spines. [demonic ancestry]
  7053 | D:7      | Reached XP level 9. HP: 69/69 MP: 9/9
  7099 | D:7      | Reached skill level 5 in Evocations
  7103 | D:7      | Reached skill level 5 in Dodging
  7492 | D:7      | Noticed Maggie
  7501 | D:7      | Killed Maggie
  7502 | D:7      | Reached skill level 5 in Axes
  7898 | D:8      | Found a staircase to the Lair.
  7898 | D:8      | Noticed an elephant
  7909 | D:8      | Reached skill level 5 in Armour
  7930 | D:8      | Killed an elephant
  7937 | D:8      | Gained mutation: You have hoof-like feet. [demonic
                  | ancestry]
  7937 | D:8      | Reached XP level 10. HP: 32/77 MP: 10/10
  7959 | D:8      | Reached skill level 5 in Throwing
  9374 | D:9      | Noticed a three-headed hydra
  9384 | D:9      | Killed a one-headed hydra
  9518 | D:9      | Gained mutation: Your magical and physical power is
                  | slightly enhanced at high health. [demonic ancestry]
  9518 | D:9      | Reached XP level 11. HP: 65/85 MP: 11/11
  9527 | D:9      | Found a staircase to the Orcish Mines.
 10366 | D:10     | Entered Level 10 of the Dungeon
 10453 | D:10     | Noticed a soul eater
 10460 | D:10     | Killed a soul eater
 10626 | D:10     | Noticed a two-headed ogre
 10634 | D:10     | Killed a two-headed ogre
 11442 | Lair:1   | Entered Level 1 of the Lair of Beasts
 12307 | Lair:2   | Noticed a six-headed hydra
 12330 | Lair:1   | Killed a six-headed hydra
 12785 | Lair:2   | Noticed a death yak
 12787 | Lair:2   | Noticed a death yak
 12789 | Lair:2   | Noticed a death yak
 12790 | Lair:2   | Gained mutation: You are partially covered in icy blue
                  | scales. (AC +2) [demonic ancestry]
 12790 | Lair:2   | Reached XP level 12. HP: 89/94 MP: 12/12
 12799 | Lair:2   | Noticed Gastronok
 13132 | Lair:2   | Killed a death yak
 13172 | Lair:2   | Found a staircase to the Shoals.
 13262 | Lair:2   | Killed a death yak
 13268 | Lair:2   | Killed a death yak
 13606 | Lair:2   | Noticed Harold
 13826 | Lair:2   | Killed Harold
 13846 | Lair:2   | Killed Gastronok
 14001 | Lair:3   | Identified the +2 leather armour of Hide-and-Seek {MP+9
                  | Int+4 Dex+2}
 14439 | Lair:3   | Found a hole to the Spider Nest.
 14810 | Lair:3   | Noticed an eight-headed hydra
 14813 | Lair:3   | Noticed a four-headed hydra
 14818 | Lair:3   | Killed an eight-headed hydra
 14825 | Lair:3   | Killed a four-headed hydra
 15634 | Lair:4   | Found a dark tunnel.
 15661 | Volcano  | Entered a volcano
 15930 | Volcano  | Reached XP level 13. HP: 43/103 MP: 13/13
 16545 | Volcano  | Reached skill level 10 in Fighting
 16613 | Volcano  | Noticed an orb of fire
 16638 | Volcano  | Noticed an orb of fire
 18144 | Lair:5   | Entered Level 5 of the Lair of Beasts
 18505 | Lair:5   | Reached skill level 10 in Evocations
 19558 | Lair:5   | Noticed a dire elephant
 19984 | Lair:5   | Reached XP level 14. HP: 80/111 MP: 14/14
 20144 | Lair:5   | Found a viscous altar of Jiyva.
 20144 | Lair:5   | Found a staircase to the Slime Pits.
 21280 | Lair:5   | Found the +3 pair of gauntlets of War {Slay+5}
 21359 | Lair:5   | Found a large runed translucent door.
 21360 | Lair:5   | Found a large runed translucent door.
 22204 | Orc:1    | Entered Level 1 of the Orcish Mines
 22535 | Orc:1    | Found Cuda Doonk's Jewellery Shoppe.
 22740 | Orc:2    | Entered Level 2 of the Orcish Mines
 23372 | Orc:2    | Reached skill level 10 in Axes
 23660 | Orc:2    | Reached skill level 10 in Dodging
 23847 | Orc:2    | Reached skill level 10 in Armour
 23950 | Orc:2    | Found a staircase to the Elven Halls.
 24012 | Orc:2    | Found Kadacval's General Store.
 24012 | Orc:2    | Found Igrotuw's Antique Armour Shoppe.
 24013 | Orc:2    | Found Por Cukh's Book Shoppe.
 24017 | Orc:2    | Found Giahur's Antique Armour Emporium.
 24020 | Orc:2    | Bought a +1 broad axe of electrocution for 238 gold pieces
 24020 | Orc:2    | Bought a scroll of identify for 28 gold pieces
 24020 | Orc:2    | Bought 4 silver javelins for 134 gold pieces
 24020 | Orc:2    | Bought 2 potions of berserk rage for 140 gold pieces
 24028 | Orc:2    | Bought a dazzling hat for 297 gold pieces
 24028 | Orc:2    | Identified the +0 hat "Has Vuom" {+Inv Int+8 Stlth+} (You
                  | bought it in a shop on level 2 of the Orcish Mines)
 24028 | Orc:2    | Bought a pitted plate armour for 924 gold pieces
 24028 | Orc:2    | Identified the +2 plate armour of Cowardice {rC++ Str+2
                  | SInv} (You bought it in a shop on level 2 of the Orcish
                  | Mines)
 24374 | Orc:2    | Bought the ring of the Hare {EV+8} for 1792 gold pieces
 24374 | Orc:2    | Found the ring of the Hare {EV+8}
 24379 | Orc:2    | Bought a pair of embroidered gloves for 240 gold pieces
 24379 | Orc:2    | Bought a glowing cloak for 240 gold pieces
 24526 | D:11     | Found a gate leading to a gauntlet.
 24547 | Gauntlet | Entered a Gauntlet
 24547 | Gauntlet | Found a transporter.
 24652 | Gauntlet | Found a runed translucent door.
 24656 | Gauntlet | Found a transporter.
 24670 | Gauntlet | Found a transporter.
 24683 | Gauntlet | Found a transporter.
 24694 | Gauntlet | Found a transporter.
 24707 | Gauntlet | Found a transporter.
 24719 | Gauntlet | Found a transporter.
 24724 | Gauntlet | Found a transporter.
 24724 | Gauntlet | Found a transporter.
 24752 | Gauntlet | Found a transporter.
 24752 | Gauntlet | Found a transporter.
 24806 | Gauntlet | Found a transporter.
 24818 | Gauntlet | Found a transporter.
 24846 | Gauntlet | Found a transporter.
 24846 | Gauntlet | Found the +2 cloak of the Thief {*Fog Slay-2 SInv Stlth+}
 25198 | Gauntlet | Identified the ring of the First Friends {rElec rC+}
 25222 | Gauntlet | Identified the +6 scimitar of Hepliaklqana's Fury {flame,
                  | rPois Str+3}
 25222 | Gauntlet | Identified the +10 storm dragon scales "Axzotov" {-Tele
                  | Harm rElec rC++}
 25236 | Gauntlet | Got Vehumet's Octavo of Hurting
 25886 | D:11     | Paralysed by a floating eye for 2 turns
 25902 | D:11     | Paralysed by a floating eye for 4 turns
 25956 | D:11     | Reached skill level 10 in Throwing
 27138 | D:13     | Reached XP level 15. HP: 120/120 MP: 15/15
 27752 | D:13     | Noticed Josephine
 27762 | D:13     | Killed Josephine
 28151 | D:14     | You fall into a shaft and drop 1 floor!
 28151 | D:15     | Entered Level 15 of the Dungeon
 28528 | D:14     | Reached skill level 1 in Shields
 28861 | D:14     | Found a portal to a secret trove of treasure.
 29503 | D:14     | Found a gate to the Vaults.
 30499 | D:15     | Found a staircase to the Depths.
 30500 | D:15     | Gained mutation: Your body sometimes deteriorates upon
                  | taking damage. [a shining eye]
 30855 | D:15     | Upgraded the game from 0.29-a0-1052-g6990b1bffc to
                  | 0.30-a0-4-ga7cffc901d
 31039 | Orc:1    | Bought the amulet of Yha Pamn {Reflect rPois SH+5} for 494
                  | gold pieces
 31167 | Spider:1 | Entered Level 1 of the Spider Nest
 31307 | Spider:1 | Found a runed translucent gate.
 31307 | Spider:1 | Found a runed translucent gate.
 31307 | Spider:1 | Found a runed translucent gate.
 31308 | Spider:1 | Noticed Riopsa's ghost (adept GrEE)
 31444 | Spider:1 | Gained mutation: You have hooves in place of feet. [demonic
                  | ancestry]
 31444 | Spider:1 | Reached XP level 16. HP: 129/129 MP: 16/16
 31565 | Spider:1 | Blown up by an orb spider

Illustrated notes

Levels and vault maps discovered:
D:1:      giann_wishing_wells, layout_basic
D:2:      layout_loops_ring, basic_altar, minmay_gold_behind_fungi
D:3:      layout_loops_ring, nicolae_figureground_sparkle
D:4:      layout_cave_pods, lemuel_tele_altar, minmay_temple_entry_mini_moons,
          uniq_sigmund, uniq_blork_the_orc
D:5:      layout_cave_pools, mainiacjoe_overflow_big_doors, serial_shops,
          nicolae_inconvenience_store, uniq_grinder
D:6:      layout_gridville, uniq_edmund
D:7:      layout_loops_ring, uniq_maggie, uniq_pikel
D:8:      layout_loops_ring, mainiacjoe_overflow_paths, david_lair_generic,
          special_room [special_room_kobold]
D:9:      layout_loops_cross, erik_orc_4, serial_bayou_ford_a, hangedman_ranch
D:10:     layout_basic, serial_demonic, serial_demonic_c, serial_demonic_f,
          serial_demonic_f, serial_demonic_g
D:11:     layout_loops_cross, gauntlet_entry_generic, onia_ninara_cookie
D:12:     layout_long_grid
D:13:     layout_basic, uniq_josephine
D:14:     layout_loops_ring, hangedman_vaults_entry_quadrant_bands,
          amcnicky_mini_pool_small, enter_trove_3, nicolae_tso_carved_into_rock
D:15:     gammafunk_enter_depths_forms, layout_irregular_city,
          hangedman_abyss_or_decor_passed, minmay_microvault
Temple:   mainiacjoe_temple_coin_purse
Lair:1:   layout_cave_shapes, hangedman_lair_unloving_vines,
          chequers_serial_rivers_small_b, lemuel_fruit_fields
Lair:2:   layout_big_grid, shoals_dummy_entry, grunt_megastairs_3, uniq_harold,
          uniq_gastronok
Lair:3:   layout_small_grid, spider_nest_entry_webs, minmay_hedge_maze,
          st_stairs_5, lemuel_fruit_tree
Lair:4:   layout_big_grid, nicolae_volcano_entry_two_sided
Lair:5:   cheibrodos_lair_end_hotspot, layout_regular_city, slime_entry_1,
          nicolae_lair_lakeside_cave
Spider:1: layout_chambers, gammafunk_ghost_necromancy, uniq_azrael, uniq_jorgrun
Orc:1:    layout_diamond_mine, serial_shops,
          nicolae_shop_temple_entry_statues_fountains
Orc:2:    st_orc_mages, layout_caves

Skill      XL: |  1  2  3  4  5  6  7  8  9 10 11 12 13 14 15 |
---------------+----------------------------------------------+-----
Dodging        | 2 3 4 5 6 7 8 9 10 11 | 11.2
Evocations     | 1 2 3 4 5 7 8 9 10 11 12 | 12.1
Armour         | 1 2 3 4 5 6 7 8 9 10 11 | 11.3
Axes           | 2 3 4 5 6 7 8 9 10 11 | 11.2
Fighting       | 4 5 6 7 8 9 10 11 12 | 12.7
Throwing       | 1 2 3 4 5 7 8 9 10 | 10.9
Shields        | 3 |  3.5
Stealth        | |  4.5

Action                   |  1- 3 |  4- 6 |  7- 9 | 10-12 | 13-15 | 16-18 || total
-------------------------+-------+-------+-------+-------+-------+-------++-------
Melee: Hand axe          |   158 |    89 |       |       |       |       ||   247
       War axe           |       |    56 |   139 |   348 |   412 |       ||   955
       Punch             |       |     1 |       |       |     1 |       ||     2
       Falchion          |       |       |       |    10 |       |       ||    10
       Trident           |       |       |       |    19 |    10 |       ||    29
       Broad axe         |       |       |       |       |   444 |    20 ||   464
       Kick              |       |       |       |       |       |     7 ||     7
Throw: Dart              |       |     4 |       |     4 |     1 |       ||     9
       Boomerang         |       |       |       |     6 |       |       ||     6
Invok: Call Merchant     |       |       |       |       |     2 |       ||     2
       Potion Petition   |       |       |       |       |     1 |       ||     1
Evoke: Wand              |       |     3 |     6 |     9 |     4 |       ||    22
  Use: Scroll            |       |       |       |     9 |    17 |       ||    26
       Potion            |       |       |       |       |     1 |       ||     1
 Stab: Invisible         |       |     1 |     6 |       |       |       ||     7
       Distracted        |       |     1 |       |     5 |    15 |       ||    21
       Sleeping          |       |       |       |       |     3 |       ||     3
Armor: Chain mail        |   106 |    82 |    56 |       |     5 |       ||   249
       Swamp dragon scal |       |       |    13 |   129 |   165 |       ||   307
       Plate armour      |       |       |       |     4 |    20 |       ||    24
       Storm dragon scal |       |       |       |       |   186 |    14 ||   200
Dodge: Dodged            |    53 |    82 |    74 |   331 |   865 |    35 ||  1440
Block: Other             |    24 |       |       |       |       |       ||    24
       Kite shield       |       |       |       |       |   139 |    30 ||   169

Table legend: (Time is in decaauts)
 A = Elapsed time spent in this place.
 B = Non-inter-level travel time spent in this place.
 C = Inter-level travel time spent in this place.
 D = Time resting spent in this place.
 E = Time spent auto-exploring this place.
 F = Levels seen in this place.
 G = Mean time per level.
                   A        B        C        D        E       F      G
               +--------+--------+--------+--------+--------+-----+--------+
         Total |  31892 |  30609 |   1283 |   2342 |  23550 |  26 | 1226.6 |
       Dungeon |  17706 |  16938 |    768 |    747 |  13482 |  15 | 1180.4 |
        Temple |    111 |     95 |     16 |      0 |     80 |   1 |  111.0 |
          Lair |   9565 |   9235 |    330 |   1038 |   6967 |   5 | 1913.0 |
   Spider Nest |    416 |    416 |      0 |      0 |    288 |   1 |  416.0 |
  Orcish Mines |   2120 |   1952 |    168 |    553 |   1080 |   2 | 1060.0 |
       Volcano |   1271 |   1271 |      0 |      4 |   1086 |   1 | 1271.0 |
      Gauntlet |    699 |    699 |      0 |      0 |    566 |   1 |  699.0 |
               +--------+--------+--------+--------+--------+-----+--------+

Top non-repeatable levels by time:
  Lair:5: 3366 daAuts
  Lair:4: 1941 daAuts
  Lair:3: 1709 daAuts
  Lair:1: 1541 daAuts
    D:15: 1492 daAuts
     D:9: 1419 daAuts
     D:7: 1359 daAuts
     D:8: 1346 daAuts
     D:2: 1346 daAuts
    D:14: 1336 daAuts
 Volcano: 1271 daAuts
     D:6: 1161 daAuts
     D:4: 1130 daAuts
   Orc:1: 1128 daAuts
    D:11: 1127 daAuts
